 Dungeon Crawl Stone Soup version 0.16-a0-3458-g6d2551d (webtiles) character file.

1631 NewYearsCrawler the Cleaver (level 9, -3/64 HPs)
             Began as a Formicid Fighter on Jan 1, 2015.
             Shot with an arrow of dispersal by a centaur (14 damage)
             ... on level 6 of the Dungeon.
             The game lasted 00:08:00 (4962 turns).

NewYearsCrawler the Cleaver (Formicid Fighter)      Turns: 4962, Time: 00:08:00

Health: -3/64      AC:  7    Str: 24    XL:     9   Next: 18%
Magic:  10/10      EV:  8    Int: 10    God:
Gold:   259        SH:  9    Dex: 10    Spells: 0 memorised, 8 levels left

rFire  . . .     SeeInvis +     a - +0 war axe
rCold  + . .     Clarity  .     b - +0 scale mail
rNeg   . . .     SustAb   .     c - +0 shield
rPois  .         Gourm    .     (helmet unavailable)
rElec  .         Spirit   .     h - +0 cloak
rCorr  .         Warding  .     l - +0 pair of gloves
rMut   .         Stasis   +     (no boots)
MR     .....                    p - amulet of regeneration
Stlth  ..........               f - ring of protection from cold
                                (no ring)

@: not resistant to hostile enchantments, extremely unstealthy
A: permanent stasis, dig shafts and tunnels, four strong arms, antennae 3,
clever 1, deformed body, low mp 1
a: Dig, Shaft Self


You were on level 6 of the Dungeon.
You were hungry.

You visited 2 branches of the dungeon, and saw 7 of its levels.
You also visited: Sewer.

You collected 259 gold pieces.

Inventory:

Hand weapons
 a - a +0 war axe (weapon)
 t - a +0 war axe
Missiles
 u - 9 tomahawks (quivered)
Armour
 b - a +0 scale mail (worn)
 c - a +0 shield (worn)
 h - a +0 cloak (worn)
 l - a +0 pair of gloves (worn)
Jewellery
 f - a ring of protection from cold (right hand)
 i - an uncursed amulet of warding
 p - an amulet of regeneration (around neck)
Magical devices
 x - a wand of magic darts (34)
Scrolls
 m - a scroll of immolation
 y - 4 scrolls of identify
Potions
 e - a potion of might
 n - a potion of lignification {unknown}
 o - 2 potions of heal wounds
 q - a potion of agility {unknown}
 r - a potion of brilliance
 s - a potion of curing
 w - a potion of haste {unknown}
Comestibles
 d - 7 bread rations
 g - a beef jerky
 j - 3 meat rations
 k - a royal jelly
 v - 2 chunks of flesh
 z - 3 fruits
 A - a slice of pizza


   Skills:
 - Level 3.5 Fighting
 * Level 9.9 Axes
 - Level 6.0 Armour
 - Level 0.5 Dodging
 - Level 0.3 Stealth
 - Level 4.0 Shields


You had 8 spell levels left.
You didn't know any spells.

Dungeon Overview and Level Annotations

Branches:
Dungeon (6/15)             Temple (1/1) D:5

Altars:
Ashenzari
Cheibriados
Dithmenos
Elyvilon
Fedhas
Gozag
Nemelex Xobeh
Qazlal
Sif Muna
Trog
Vehumet
Yredelemnul
Zin
Lugonu


Innate Abilities, Weirdness & Mutations

You are under a permanent stasis effect.
You can dig through walls and to a lower floor.
Your four strong arms can wield two-handed weapons with a shield.
You have a pair of large antennae on your head (SInv).
Your mind is acute. (Int +2)
Armour fits poorly on your strangely shaped body.
Your magical capacity is low (-10% MP).


Message History

The centaur hits you!
You barely miss the centaur. You barely miss the goliath beetle.
The centaur hits you. You block the centaur's attack.
The goliath beetle bites you!!
* * * LOW HITPOINT WARNING * * *
You are too injured to fight recklessly!
You are too injured to fight recklessly!
You are too injured to fight recklessly!
You are too injured to fight recklessly!
You are too injured to fight recklessly!
You are too injured to fight recklessly!
You are too injured to fight recklessly!
You are too injured to fight recklessly!
Unknown command.
The centaur wields an uncursed shortbow.
The centaur shoots an arrow of dispersal.
The arrow of dispersal barely misses you.
The centaur shoots an arrow of dispersal.
The arrow of dispersal hits you!
You die...

.###......###........#. #
#..##...............
#..###..##.####.#####....
#.......##..###.# ###..
#..)#.#..........# ##.
#.###.###..# ###> #.# #.#
.# #... ##.###+# # #...
#...@+ #... #Bc### #...
.........# . #...
##.####.# #....####..#
... #.......# #..
######.## ##.# #.## .#
#... .# #.##


You could see a goliath beetle and a centaur.

Vanquished Creatures
  An ice beast (D:5)
  2 phantoms (D:4)
  A sky beast (D:5)
  3 ogres
  A centaur (D:5)
  Sigmund (D:2)
  A big kobold (Sewer)
  A giant frog (D:6)
  A scorpion (D:4)
  2 goliath beetles
  2 crimson imps (D:5)
  A hound (D:6)
  3 orc priests
  3 orc wizards
  A worker ant (D:5)
  2 iguanas (D:5)
  Ijyb (D:3)
  A hound zombie (D:5)
  4 river rats
  5 adders
  2 giant mites
  3 worms
  A shadow imp (D:3)
  An ooze (D:4)
  5 giant geckos
  20 orcs
  7 bats
  A bat skeleton (D:6)
  5 giant cockroaches
  12 goblins
  5 hobgoblins
  10 jackals
  14 kobolds
  2 quokkas
  5 ball pythons
  5 giant newts
  15 rats
150 creatures vanquished.

Notes
Turn   | Place    | Note
--------------------------------------------------------------
     0 | D:1      | NewYearsCrawler, the Formicid Fighter, began the quest for the Orb.
     0 | D:1      | Reached XP level 1. HP: 18/18 MP: 1/1
    71 | D:1      | Reached XP level 2. HP: 20/24 MP: 3/3
   629 | D:1      | Reached XP level 3. HP: 29/29 MP: 4/4
  1114 | D:2      | Found a basalt altar of Yredelemnul.
  1123 | D:2      | Reached skill level 4 in Shields
  1123 | D:2      | Reached XP level 4. HP: 20/35 MP: 5/5
  1277 | D:2      | Found a stormy altar of Qazlal.
  1277 | D:2      | Found a sparkling altar of Nemelex Xobeh.
  1313 | D:2      | Found a glowing silver altar of Zin.
  1331 | D:2      | Noticed Sigmund
  1385 | D:2      | Killed Sigmund
  1385 | D:2      | Reached XP level 5. HP: 31/41 MP: 7/7
  1611 | D:3      | Noticed Ijyb
  1626 | D:3      | Killed Ijyb
  1716 | D:3      | Reached XP level 6. HP: 47/47 MP: 8/8
  1777 | D:3      | Found a snail-covered altar of Cheibriados.
  2188 | D:4      | Reached skill level 5 in Armour
  2248 | D:4      | Found a radiant altar of Vehumet.
  2490 | D:4      | Reached skill level 5 in Axes
  2490 | D:4      | Reached XP level 7. HP: 11/52 MP: 9/9
  2549 | D:4      | Reached skill level 6 in Armour
  2900 | D:4      | Reached XP level 8. HP: 34/58 MP: 11/11
  3352 | D:5      | Entered Level 5 of the Dungeon
  3407 | D:5      | Reached skill level 7 in Axes
  3729 | D:5      | Reached skill level 8 in Axes
  3770 | D:5      | Found a staircase to the Ecumenical Temple.
  3794 | Temple   | Entered the Ecumenical Temple
  3845 | D:5      | Found a glowing drain.
  3868 | Sewer    | Entered a sewer
  4005 | Sewer    | Found a glowing silver altar of Zin.
  4254 | D:5      | Reached skill level 9 in Axes
  4261 | D:5      | Gained mutation: Your mind is acute. (Int +2) [mutagenic meat]
  4262 | D:5      | Gained mutation: Armour fits poorly on your strangely shaped body. [mutagenic meat]
  4263 | D:5      | Gained mutation: Your magical capacity is low (-10% MP). [mutagenic meat]
  4514 | D:5      | Reached XP level 9. HP: 49/64 MP: 10/10
  4962 | D:6      | Shot with an arrow of dispersal by a centaur

Action                   |  1- 3 |  4- 6 |  7- 9 || total
-------------------------+-------+-------+-------++-------
Melee: War axe           |   106 |   163 |   301 ||   570
Throw: Tomahawk          |       |       |     1 ||     1
  Use: Potion            |       |     2 |     5 ||     7
       Scroll            |       |       |     8 ||     8
 Stab: Invisible         |       |     3 |       ||     3
  Eat: Chunk             |       |     5 |    13 ||    18
